Map: 16 bits EC

Players

HoldTheDoor - Winner!

  • Race: Protoss Protoss
  • League: Diamond
  • Spawn Location: 7:00

Dalcime

  • Race: Terran Terran
  • League: Diamond
  • Spawn Location: 1:00

VOD

Have the link to the VOD?

Description

Time

  • Played on: July 15, 2018, 8:37 a.m.
  • Length: 22:46
Show
View Real Time Build Order
Export as new Build Order

HoldTheDoor Protoss - Winner!

Build Orders: Double Forge 

Get SALT Encoding   

  12  0:00  Probe  
  13  0:13  Probe  
  14  0:18  Pylon  
  14  0:25  Probe  
  15  0:37  Gateway  
  15  0:38  Probe  
  16  0:47  Probe  
  16  0:51  Assimilator  
  16  0:55  Probe  
  17  1:01  Assimilator  
  18  1:05  Probe  
  19  1:15  Gateway  
  19  1:17  Probe  
  20  1:32  Cybernetics Core  
  20  1:41  Probe  
  20  1:45  Pylon  
  21  1:53  Probe  
  22  2:03  Stalker x2  
  22  2:05  Probe  
  23  2:12  Pylon  
  27  2:22  Warp Gate  
  26  2:29  Stalker x2  
  30  2:41  Probe  
  31  2:50  Robotics Facility  
  31  2:55  Pylon  
  31  3:04  Probe  
  32  3:19  Probe  
  33  3:34  Nexus  
  33  3:51  Probe, Immortal  
  38  3:58  Pylon  
  38  4:03  Probe  
  39  4:11  Forge  
  39  4:15  Forge  
  39  4:16  Probe  
  40  4:23  Immortal  
  40  4:36  Probe  
  45  4:40  Protoss Shields Level 1  
  45  4:41  Pylon  
  45  4:47  Protoss Ground Armor Level 1  
  44  4:56  Probe  
  45  5:05  Probe  
  46  5:08  Observer  
  46  5:10  Probe  
  48  5:17  Assimilator  
  48  5:18  Probe  
  49  5:22  Probe  
  50  5:30  Twilight Council, Probe  
  50  5:34  Probe  
  52  5:36  Stalker  
  52  5:38  Sentry  
  52  5:42  Probe  
  57  5:46  Probe  
  58  5:50  Immortal  
  58  5:54  Probe  
  63  5:59  Assimilator  
  63  6:04  Probe, Photon Cannon  
  63  6:09  Charge  
  63  6:10  Probe  
  65  6:21  Probe  
  65  6:22  Probe  
  61  6:32  Zealot x2  
  61  6:33  Protoss Ground Weapons Level 1  
  65  6:43  Protoss Ground Armor Level 2, Probe, Immortal  
  70  6:55  Probe  
  70  6:56  Probe  
  72  7:01  Pylon  
  72  7:04  Pylon  
  72  7:09  Robotics Bay  
  72  7:10  Probe x2  
  74  7:22  Pylon  
  74  7:33  Nexus  
  74  7:35  Probe x2, Pylon  
  76  7:39  Zealot x2  
  76  7:42  Immortal  
  84  7:57  Assimilator  
  84  8:01  Assimilator  
  84  8:06  Pylon  
  84  8:08  Zealot x2  
  84  8:10  Shield Battery, Probe  
  84  8:11  Probe  
  90  8:15  Extended Thermal Lance, Colossus  
  90  8:23  Probe x2  
  98  8:35  Probe  
  98  8:39  Stalker x2  
  98  8:41  Probe  
  104  8:43  Protoss Ground Armor Level 3  
  104  8:47  Probe  
  105  8:48  Gateway  
  105  8:54  Gateway  
  105  8:57  Probe, Pylon  
  105  8:58  Probe, Protoss Ground Weapons Level 2  
  107  9:05  Colossus  
  113  9:20  Zealot x2  
  117  9:29  Stargate  
  117  9:31  Protoss Air Armor Level 1  
  117  9:43  Zealot  
  117  9:44  Zealot  
  121  9:47  Stalker  
  121  9:49  Stalker  
  125  9:59  Gateway  
  122  10:01  Gateway  
  122  10:04  Gateway  
  122  10:06  Gateway  
  121  10:08  Stalker x2  
  123  10:14  Void Ray  
  101  10:35  Zealot x3  
  101  10:36  Zealot  
  105  10:43  Immortal  
  109  10:50  Probe x3  
  112  11:02  Probe  
  113  11:06  Pylon  
  113  11:07  Void Ray  
  117  11:17  Pylon  
  117  11:19  Probe x2, Protoss Shields Level 2  
  117  11:24  Pylon  
  117  11:25  Protoss Ground Weapons Level 3  
  119  11:26  Probe  
  119  11:27  Pylon  
  119  11:30  Pylon  
  119  11:31  Probe  
  121  11:45  Pylon  
  121  11:48  Probe  
  121  11:49  Probe, Pylon  
  121  11:50  Protoss Air Weapons Level 1  
  121  11:53  Pylon  
  123  11:57  Void Ray  
  127  12:04  Immortal  
  131  12:21  Templar Archives  
  131  12:22  Zealot x5  
  139  12:25  Sentry x2  
  139  12:28  Probe x2  
  147  12:39  Pylon  
  147  12:43  Observer, Zealot x4  
  156  12:49  Stalker  
  156  12:51  Stalker  
  154  13:03  Stalker x2  
  153  13:17  Probe x2  
  155  13:24  Probe  
  156  13:29  Probe  
  156  13:30  Probe  
  156  13:31  Nexus  
  156  13:33  Phoenix  
  160  13:46  Probe  
  161  13:52  Pylon  
  161  13:56  Pylon  
  161  14:04  High Templar x7  
  161  14:05  High Templar  
  161  14:08  Archon x4  
  143  14:33  Protoss Shields Level 3  
  141  14:40  Stalker x6  
  141  14:41  Stalker x2  
  141  14:43  Probe x4  
  161  14:48  Assimilator  
  161  14:51  Assimilator  
  161  14:55  Probe x2  
  161  14:58  Immortal  
  163  15:03  Fleet Beacon  
  163  15:06  Pylon  
  163  15:08  Pylon  
  163  15:10  Psionic Storm, Pylon  
  163  15:13  Probe  
  168  15:16  Phoenix  
  170  15:23  Probe x2  
  172  15:30  Probe  
  172  15:31  Probe  
  174  15:44  Phoenix  
  174  15:47  Zealot x4  
  174  15:48  Zealot  
  186  15:51  High Templar  
  186  15:52  High Templar  
  186  15:53  Zealot  
  186  15:56  Archon  
  192  15:58  Probe  
  193  16:09  High Templar x3  
  199  16:13  Archon  
  199  16:34  Photon Cannon  
  199  16:35  Photon Cannon  
  199  16:36  Photon Cannon  
  199  16:45  Shield Battery, Pylon  
  199  16:49  Pylon  
  199  16:51  Shield Battery  
  199  16:52  Shield Battery  
  199  16:54  Photon Cannon, Pylon  
  199  16:56  Photon Cannon  
  199  16:58  Photon Cannon  
  199  16:59  Photon Cannon  
  199  17:01  Photon Cannon  
  199  17:02  Pylon x2  
  199  17:04  Shield Battery  
  168  17:38  Zealot x6  
  168  17:39  Zealot x2  
  135  17:54  Probe  
  135  17:55  Probe x2  
  137  18:00  Assimilator, Probe  
  138  18:07  Probe  
  138  18:09  Pylon  
  138  18:11  Pylon, High Templar x7  
  138  18:12  High Templar  
  155  18:15  Immortal, Pylon  
  155  18:16  Tempest  
  155  18:18  Pylon  
  165  18:21  Archon  
  165  18:22  Archon x3  
  165  18:24  Pylon  
  165  18:32  Nexus  
  165  18:35  Gateway  
  165  18:37  Gateway  
  165  18:39  Photon Cannon, Gateway  
  165  18:41  Photon Cannon, Gateway  
  165  18:43  Photon Cannon  
  165  18:44  Shield Battery, Zealot x3  
  165  18:45  Zealot x4, Pylon  
  165  18:46  Zealot  
  181  18:55  Immortal  
  181  18:59  Pylon  
  181  19:02  Pylon  
  181  19:07  Pylon  
  181  19:09  Pylon  
  185  19:12  Assimilator  
  185  19:17  Assimilator  
  185  19:18  Tempest  
  185  19:23  Zealot x2  
  185  19:24  Zealot  
  197  19:32  Warp Prism  
  198  19:55  High Templar  
  198  19:58  Gateway  
  200  20:00  Gateway  
  200  20:03  Gateway  
  200  20:05  Gateway  
  200  20:07  Nexus  
  200  20:08  Photon Cannon  
  200  20:09  Pylon  
  200  20:10  Photon Cannon  
  200  20:12  Pylon  
  200  20:16  Pylon  
  200  20:30  Pylon  
  200  20:35  Pylon  
  152  21:12  Pylon, High Templar x6  
  152  21:13  High Templar x6  
  152  21:15  Pylon  
  152  21:17  Archon x5  
  182  21:35  Nexus  
  182  21:38  Pylon  
  182  21:40  Probe x2  
  182  21:43  Pylon  
  184  21:47  Assimilator  
  184  21:51  Assimilator  
  184  21:52  Assimilator  
  184  22:10  Zealot x4  
  184  22:11  Zealot x4  
  194  22:23  Zealot x4  
  192  22:40  Photon Cannon  
  192  22:43  Photon Cannon  
  192  22:45  Photon Cannon  
Show
View Real Time Build Order
Export as new Build Order

Dalcime Terran 

Build Orders: Reaper Expand, MMM Bio 

Get SALT Encoding   

  12  0:00  SCV  
  13  0:13  SCV  
  14  0:19  Supply Depot  
  14  0:25  SCV  
  15  0:40  SCV  
  16  0:43  Barracks  
  16  0:49  Refinery  
  16  0:53  SCV  
  17  1:05  SCV  
  18  1:18  SCV  
  19  1:32  Reaper  
  20  1:34  Orbital Command  
  20  1:46  Command Center  
  20  2:01  SCV  
  21  2:06  Barracks  
  21  2:11  Barracks Reactor  
  21  2:12  Supply Depot  
  21  2:31  Factory  
  21  2:33  SCV  
  21  2:34  Refinery  
  21  2:36  Supply Depot  
  22  2:48  Marine x2  
  24  2:52  SCV  
  25  2:59  Supply Depot  
  25  3:01  SCV  
  25  3:04  SCV  
  27  3:08  Marine  
  27  3:09  Marine  
  27  3:10  Barracks Tech Lab  
  29  3:22  Cyclone  
  32  3:38  Marine x2  
  32  3:41  Marauder  
  36  3:55  Factory Tech Lab  
  36  4:00  Starport  
  36  4:01  SCV  
  38  4:03  Engineering Bay  
  38  4:04  Orbital Command  
  38  4:08  Marine x2  
  39  4:20  SCV  
  40  4:32  SCV, Marauder, Concussive Shells  
  43  4:39  Marine  
  43  4:40  Marine  
  43  4:44  SCV  
  45  4:56  Marauder  
  45  4:58  SCV x2  
  49  5:03  Barracks  
  49  5:07  Medivac  
  49  5:10  SCV  
  49  5:11  SCV  
  53  5:20  Supply Depot x2, Siege Tank  
  56  5:23  SCV x2  
  56  5:24  Stimpack  
  58  5:29  Missile Turret  
  58  5:32  Missile Turret  
  58  5:35  SCV x2  
  60  5:40  Marine x2  
  60  5:42  Marauder  
  64  5:44  Medivac  
  64  5:47  SCV  
  70  5:57  Barracks Tech Lab, Siege Tank  
  70  6:03  Barracks  
  70  6:07  Marine x2  
  70  6:08  Terran Infantry Weapons Level 1  
  70  6:10  Marauder  
  74  6:13  SCV  
  74  6:14  SCV  
  74  6:17  Refinery  
  76  6:18  Refinery  
  76  6:25  SCV  
  76  6:26  SCV  
  57  6:47  Marauder x2  
  57  6:48  Marine x2  
  57  6:49  Siege Tank  
  66  6:59  SCV x2  
  68  7:05  Marine  
  68  7:06  Marine  
  70  7:09  Marauder x2  
  70  7:11  SCV x2  
  76  7:17  Command Center  
  76  7:23  Barracks Reactor  
  76  7:30  Armory  
  76  7:31  Starport Reactor  
  76  7:34  SCV x2  
  76  7:36  Engineering Bay  
  78  7:44  Combat Shields  
  78  7:53  Supply Depot  
  78  7:54  Supply Depot x2  
  78  7:55  Marine x2  
  78  7:56  SCV x2, Marauder x2  
  86  8:03  Liberator x2  
  86  8:11  Terran Infantry Armor Level 1  
  86  8:14  Marine x4  
  86  8:15  SCV x2  
  86  8:17  Marauder x2  
  96  8:24  Terran Infantry Weapons Level 2  
  102  8:27  SCV  
  102  8:30  Orbital Command  
  102  8:31  SCV  
  102  8:32  Marine x4  
  108  8:36  Siege Tank  
  108  8:39  SCV  
  108  8:40  Marauder  
  114  8:49  Ghost Academy  
  114  8:54  Supply Depot  
  114  8:56  Supply Depot  
  114  8:58  SCV  
  114  8:59  SCV x2, Supply Depot x2  
  117  9:06  Marauder x2  
  117  9:08  Medivac  
  123  9:10  Medivac  
  123  9:16  SCV  
  126  9:21  Barracks  
  126  9:26  Ghost x2  
  124  10:32  Liberator x2  
  92  10:40  Marauder x2, Marine  
  92  10:41  Marine x3  
  78  10:48  Siege Tank  
  81  10:58  Marine x4  
  81  11:01  Marauder x2  
  89  11:05  Supply Depot  
  89  11:07  Supply Depot  
  89  11:08  Refinery  
  89  11:10  Supply Depot  
  89  11:11  Command Center  
  89  11:13  Barracks Tech Lab  
  89  11:16  Marine x4  
  93  11:19  Refinery  
  93  11:20  Siege Tank  
  93  11:22  Marauder, Marine  
  99  11:25  Missile Turret  
  99  11:34  Marine x4  
  99  11:35  Viking x2  
  99  11:37  Command Center  
  107  11:40  Marine  
  107  11:41  Terran Ship Weapons Level 1  
  107  11:42  Marine  
  107  11:43  Marine  
  110  11:51  Marine  
  110  11:52  Marine x3, Siege Tank  
  117  11:58  Marine  
  117  12:00  Marine  
  119  12:01  Marine  
  119  12:05  Viking x2  
  124  12:09  Marine  
  124  12:10  Marine x3  
  128  12:15  Marine  
  128  12:16  Starport  
  128  12:18  Marine, Starport  
  128  12:19  Marine  
  131  12:24  Siege Tank  
  131  12:27  Marine x2  
  131  12:28  Marine x2  
  138  12:33  Marine  
  138  12:35  Viking x2  
  138  12:36  Marine  
  138  12:37  Marine  
  145  12:45  Marine x4  
  149  12:51  Marine  
  149  12:54  Marine x2  
  149  12:56  Siege Tank  
  155  13:03  Marine x4  
  155  13:05  Viking  
  161  13:09  Marine  
  161  13:12  Marine x2, Planetary Fortress  
  153  13:16  Orbital Command  
  153  13:17  Missile Turret  
  154  13:20  Starport Reactor, Starport Tech Lab  
  154  13:22  Terran Infantry Armor Level 2  
  154  13:23  Terran Infantry Weapons Level 3  
  154  13:25  Liberator  
  154  13:29  Marauder, Siege Tank  
  154  13:30  Marauder, Marine x4  
  154  13:31  Marauder  
  167  13:48  SCV x5, Marine x4  
  174  13:50  Marauder  
  174  13:51  Marauder  
  174  13:52  Marauder  
  179  14:00  SCV x4  
  179  14:01  SCV, Siege Tank  
  187  14:02  Liberator  
  187  14:03  Liberator  
  187  14:04  Liberator  
  187  14:05  Marine  
  187  14:06  Marine x3  
  169  14:12  SCV x2, Marauder  
  169  14:13  Marauder, Marine  
  156  14:23  Marine  
  161  14:24  Marine x3  
  161  14:31  Marine  
  139  14:33  Marine x2  
  133  14:41  Marine  
  133  14:42  Marine x2  
  136  14:48  Marine  
  136  14:50  Marine  
  136  14:51  Marine, Viking x2  
  143  15:03  Viking  
  145  15:20  Refinery x2  
  145  15:21  Viking x2  
  147  15:23  Sensor Tower  
  147  15:26  Marine  
  147  15:27  Marine x3  
  147  15:28  Marauder x3  
  159  15:36  Liberator x2  
  159  15:37  Liberator  
  159  15:40  Starport Reactor  
  159  15:44  Marine x2  
  159  15:45  Marine x2  
  159  15:49  Marauder x2  
  169  15:50  Marauder  
  178  15:59  Liberator x2  
  178  16:02  Marine x3  
  178  16:03  Marine  
  182  16:11  Marauder x3  
  194  16:20  Marine  
  192  16:29  Orbital Command  
  192  16:32  Marauder x2  
  198  16:33  Marauder  
  198  16:43  Viking  
  172  17:41  Marine  
  172  17:42  Marauder, Marine x2  
  172  17:43  Marauder x2, Marine  
  83  17:57  Medivac  
  83  17:58  Medivac x4  
  90  17:59  Marine x2  
  90  18:00  Marine  
  90  18:01  Marine  
  90  18:02  Hellion  
  90  18:04  Marauder x2  
  90  18:05  Marauder  
  102  18:17  Marine x3  
  102  18:19  Marine  
  106  18:24  Hellion  
  106  18:25  Marauder  
  106  18:26  Marauder x2  
  114  18:27  Medivac  
  114  18:28  Medivac x4  
  114  18:31  Refinery  
  124  18:34  Refinery  
  124  18:35  Marine x3  
  124  18:36  Marine  
  128  18:45  Hellion  
  128  18:46  Barracks, Marine x2  
  128  18:47  Barracks, Marine  
  133  18:49  Terran Infantry Armor Level 3  
  133  18:51  Terran Ship Weapons Level 2  
  133  18:57  Medivac  
  133  18:58  Medivac x4  
  143  19:04  Marine x2  
  143  19:05  Marine  
  143  19:06  Hellion  
  143  19:09  Marine  
  148  19:10  Marine x3  
  152  19:22  Marine x3  
  155  19:27  Marine, Viking  
  155  19:28  Hellion, Marine x3, Viking x4  
  171  19:37  Barracks  
  171  19:39  Marine  
  171  19:40  Marine x2  
  171  19:45  Marine x2  
  175  19:46  Marine x2  
  162  19:57  Barracks Tech Lab, Viking, Marine, Barracks Reactor  
  162  19:58  Marine x2  
  167  20:03  Marine x4  
  171  20:09  Sensor Tower  
  171  20:15  Marine x2  
  171  20:16  Marine  
  174  20:22  Viking x4  
  174  20:27  Medivac  
  180  20:31  Command Center  
  180  20:33  Marauder  
  180  20:34  Marauder x2  
  149  20:52  Medivac x4  
  149  20:54  Marine x5  
  149  20:55  Marauder x2, Marine x3  
  149  20:56  Marauder  
  120  20:57  Medivac  
  90  21:12  Marine x8  
  90  21:16  Marine x3  
  101  21:22  Medivac x4  
  109  21:27  Medivac  
  109  21:30  Marine x8  
  119  21:33  Marine  
  119  21:34  Marine x2  
  122  21:47  Marine  
  122  21:48  Marine x7  
  122  21:51  Marine, Medivac  
  122  21:52  Marine x2, Medivac x2  
  139  22:05  Marine  
  139  22:06  Marine x7  
  147  22:09  Marine x2  
  147  22:10  Marine  
  137  22:23  Marine x3  
  137  22:24  Marauder, Marine x2  
Tags
 
Add a new tag
Caveats
  • Supply blocks, unpowered buildings, or Contaminate may cause inaccurate times.
  • Supply counts are checked every 10 seconds.